AoeStats
← DS_Kvothe

Arabia

510191043Analyzed
1v1 RM · 3d ago on Sep 29, 2026· 29m 11s· 2 players
Game mode
Random Map
Map size
Tiny (2 player)
Population
200
Speed
Normal
Resources
Standard
Victory
Conquest
Starting age
Dark Age
Ending age
Imperial Age
RankedLock teamsTeams togetherTeam positionsShared explorationLock speedFull tech treeHidden civsTurbo modeCheats
Victory
Defeat
🇦🇷 Turks · Argentina
1915
+22
🇺🇸 Lithuanians · United States
2045
-22
DS_Kvothe
7:02 Loom
9:19 Feudal Age
9:47 Double-Bit Axe
10:14 Horse Collar
20:39 Castle Age
19:29 Fletching
20:09 Gold Mining
21:59 Bodkin Arrow
22:08 Husbandry
22:22 Bloodlines
22:34 Bow Saw
28:16 Ballistics
28:08 Thumb Ring
29:05 Padded Archer Armor
rubatubdubs
6:14 Loom
8:38 Feudal Age
9:14 Double-Bit Axe
13:10 Horse Collar
20:58 Castle Age
19:19 Forging
20:00 Bloodlines
20:24 Scale Barding Armor
20:15 Gold Mining
22:10 Bow Saw
23:06 Wheelbarrow
23:34 Scale Barding Armor
23:48 Husbandry
24:36 Chain Barding Armor
26:50 Light Cavalry
Connection lost

Rejoining the realm…

Still unreachable

The connection could not be restored.

Session expired

The server has moved on; the page needs a fresh start.